 Dungeon Crawl Stone Soup version 0.31-a0-182-gc5ef74bbde (webtiles) character file.

Game seed: 17939049537622303182

56 qw the Chopper (level 3, -1/23 HPs)
             Began as a Gargoyle Fighter on June 20, 2023.
             Slain by Sigmund
             ... wielding a +0 scythe of flaming
              (6 damage)
             ... on level 2 of the Dungeon.
             The game lasted 00:00:44 (1192 turns).

qw the Chopper (Gargoyle Fighter)                   Turns: 1192, Time: 00:00:45

Health: -1/23      AC: 11    Str: 21    XL:     3   Next: 97%
Magic:  0/3        EV:  6    Int:  8    God:
Gold:   105        SH:  4    Dex:  9    Spells: 2/2 levels left

rFire   . . .        Y - +1 war axe
rCold   . . .        c - +0 buckler
rNeg    + . .        b - +0 scale mail
rPois   inf          (no helmet)
rElec   +            (no cloak)
rCorr   .            (no gloves)
SInv    .            g - +0 pair of boots
Will    .....        f - amulet of guardian spirit Stlth
                     (no ring)
HPRegen 0.23/turn    (no ring)
MPRegen 0.08/turn

%: guardian spirit
@: constricted
A: sickness immunity, AC +3, negative energy resistance 1, electricity
resistance, torment resistance 1, petrification resistance
a: no special abilities


You were on level 2 of the Dungeon.
You visited 1 branch of the dungeon, and saw 2 of its levels.

You collected 105 gold pieces.


Innate Abilities, Weirdness & Mutations

You are immune to sickness and miasma.
Your stone body is resilient. (AC +3)
You are immune to poison.
You resist negative energy. (rN+)
You are resistant to electric shocks. (rElec)
You are resistant to unholy torment.
You are immune to petrification.


   Skills:
 - Level 3.2 Fighting
 + Level 3.7 Axes
 - Level 3.2 Armour
 - Level 3.2 Shields


You had 2 spell levels left.
You didn't know any spells.
Your spell library was empty.

Inventory:

Hand Weapons
 h - a +0 flail
 Y - a +1 war axe (weapon)
Armour
 b - a +0 scale mail (worn)
 c - a +0 buckler (worn)
 g - a +0 pair of boots (worn)
Jewellery
 f - an amulet of guardian spirit (around neck)
Scrolls
 a - a scroll of identify {unknown}
 e - a scroll of torment {unknown}
Potions
 d - a potion of might
 i - a potion of berserk rage {unknown}
 j - a potion of curing {unknown}
 k - a potion of enlightenment {unknown}

Dungeon Overview and Level Annotations

Branches:
Dungeon (2/15)

Altars:

Annotations:
D:2 Sigmund


Message History

The dart slug is heavily wounded.
You slash the dart slug!
You kill the dart slug!
Enter note: You see here a dart slug corpse.
Enter note:
Enter note:
Enter note:
Enter note:
Enter note:
Enter note:
i - a white potion
Enter note:
Enter note: Sigmund the Dreaded comes into view.
He is wielding a +0 scythe of flaming.
Found a stone staircase leading up.
Sigmund shouts!
A ball python comes into view.
You see here 10 gold pieces.
Enter note:
Enter note:
Enter note:
1187 ||| Stepping ~*~*~tactically~*~*~ (stealth).
The ball python hisses angrily.
Sigmund hits you from afar with a +0 scythe of flaming!
Sigmund burns you.
A worm comes into view.
You see here 10 gold pieces.
1189 ||| Stepping ~*~*~tactically~*~*~ (stealth).
Sigmund mumbles some strange words.
Sigmund flickers and vanishes!
Deactivating autopickup; reactivate with Ctrl-A.
You see here 10 gold pieces.
You miss something. Something hits you! Something burns you.
The ball python bites you. The ball python grabs you.
The ball python constricts you.
You closely miss the ball python. You hit something but do no damage.
The ball python bites you but does no damage.
The ball python constricts you. Something hits you.
You die...

............#
............+ <#
............ .#
..........# w#
..........# .#
..........# .#
#######'#.#######.######
#)#.##....#S......
#######.#.##.##.@{......
).......#%##.###########
#########.##........ #
#...........## #
#.#.###.....# # #.#.#
.##### # # #.# .# # #.#
.# # #.. .#


You could see a worm and a ball python.

Vanquished Creatures
  An adder (D:2)
  2 dart slugs (D:2)
  2 bats (D:1)
  2 endoplasms (D:1)
  2 giant cockroaches
  9 goblins
  5 hobgoblins
  3 quokkas
  5 ball pythons
  2 frilled lizards
  5 kobolds
  3 rats
41 creatures vanquished.

Notes
Turn   | Place    | Note
-------+----------+-------------------------------------------
     0 | D:1      | qw the Gargoyle Fighter began the quest for the Orb.
     0 | D:1      | Reached XP level 1. HP: 14/14 MP: 1/1
     0 | D:1      | 0 ||| qw: Version: 0.3-a-9-g12657ce
     0 | D:1      | 0 ||| qw: Game counter: 1463
     0 | D:1      | 0 ||| qw: Always use a shield: true
     0 | D:1      | 0 ||| qw: God list: Okawaru
     0 | D:1      | 0 ||| qw: Allow faded altars: false
     0 | D:1      | 0 ||| qw: Do Orc after D:15 true
     0 | D:1      | 0 ||| qw: Do second Lair branch before Depths: true
     0 | D:1      | 0 ||| qw: Lair rune preference: random
     0 | D:1      | 0 ||| qw: Plans: Normal, Zot:1-4, Slime:5, God:TSO, Crypt,
                  | Tomb, Abyss, Pan, Hells, Win
     0 | D:1      | 0 ||| PLANNING D:1-11
    83 | D:1      | Reached XP level 2. HP: 19/19 MP: 2/2
   458 | D:1      | Reached skill level 3 in Axes
   485 | D:1      | Reached XP level 3. HP: 23/23 MP: 3/3
   498 | D:1      | 498 ||| Stepping ~*~*~tactically~*~*~ (stealth).
   500 | D:1      | 500 ||| Stepping ~*~*~tactically~*~*~ (stealth).
   501 | D:1      | 501 ||| Stepping ~*~*~tactically~*~*~ (stealth).
   725 | D:1      | 725 ||| UPGRADING to +0 pair of boots.
   730 | D:1      | 730 ||| UPGRADING to amulet of guardian spirit.
   735 | D:1      | 735 ||| READING scroll labelled YBBUNY XOKEOG.
   736 | D:1      | 736 ||| READING scroll labelled QUNUZALITA.
   882 | D:2      | 882 ||| Stepping ~*~*~tactically~*~*~ (stealth).
   883 | D:2      | 883 ||| Stepping ~*~*~tactically~*~*~ (stealth).
   890 | D:2      | 890 ||| Stepping ~*~*~tactically~*~*~ (stealth).
   929 | D:2      | 929 ||| Stepping ~*~*~tactically~*~*~ (stealth).
   932 | D:2      | 932 ||| Stepping ~*~*~tactically~*~*~ (stealth).
   936 | D:2      | 936 ||| Stepping ~*~*~tactically~*~*~ (stealth).
   943 | D:2      | 943 ||| Stepping ~*~*~tactically~*~*~ (stealth).
   944 | D:2      | 944 ||| Stepping ~*~*~tactically~*~*~ (stealth).
   967 | D:2      | 967 ||| DROPPING +0 whip.
  1032 | D:2      | 1032 ||| Stepping ~*~*~tactically~*~*~ (hiding).
  1149 | D:2      | 1149 ||| Stepping ~*~*~tactically~*~*~ (hiding).
  1150 | D:2      | 1150 ||| Stepping ~*~*~tactically~*~*~ (hiding).
  1186 | D:2      | Noticed Sigmund
  1187 | D:2      | 1187 ||| Stepping ~*~*~tactically~*~*~ (stealth).
  1189 | D:2      | 1189 ||| Stepping ~*~*~tactically~*~*~ (stealth).
  1192 | D:2      | HP: 5/23 [constriction (1)]
  1192 | D:2      | Slain by Sigmund

Levels and vault maps discovered:
D:1:      dpeg_arrival_pits, layout_loops_ring
D:2:      layout_basic, serial_park_tiny_1, minmay_octomino_c4, uniq_sigmund

Skill      XL: |  1  2 |
---------------+-------+-----
Axes           | 2 3 |  3.7
Fighting       | |  3.2
Armour         | |  3.2
Shields        | |  3.2

Action                     || total
---------------------------++-------
  Melee: War axe           ||   145
    Use: Scroll            ||     2
 Armour: Scale mail        ||    76
  Dodge: Dodged            ||    59
  Block: Buckler           ||    19

Table legend:
 A = Non-vault XP
 B = Vault XP
 C = Vault XP percentage of total XP
 D = Non-vault monster count
 E = Vault monster count
 F = Vault count percentage of total count
                 A         B        C        D         E       F
            +---------+---------+-------+---------+---------+-------
      Total |      60 |      21 |  25.9 |      35 |       6 |  14.6
            +---------+---------+-------+---------+---------+-------
        D:1 |      39 |       0 |   0.0 |      24 |       0 |   0.0
        D:2 |      21 |      21 |  50.0 |      11 |       6 |  35.3
            +---------+---------+-------+---------+---------+-------
